Selects Luftwaffe Battlegroup
Selects Luftwaffe Pioneer Support
Fallschirmpioneer Squad Paradrop
Construct Infanterie Kompanie
Construct Panzergrenadier Kompanie
Selects Stuka Strafing Run
Construct Panzer Kompanie
Selects Fallschirmjäger Squad Paradrop
Selects LG40 Recoilless Gun Paradrop
Selects Infantry Reserves